 Dungeon Crawl Stone Soup version 0.16.1-4-g8e1b745 (webtiles) character file.

322 Ladykiller69 the Chopper (level 6, -4/52 HPs)
             Began as a Minotaur Gladiator on Mar 26, 2015.
             Was an Initiate of Ashenzari.
             Killed from afar by an orc wizard (11 damage)
             ... with a puff of flame
             ... on level 4 of the Dungeon.
             The game lasted 00:12:20 (2499 turns).

Ladykiller69 the Chopper (Minotaur Gladiator)       Turns: 2499, Time: 00:12:21

Health: -4/52      AC:  9    Str: 19    XL:     6   Next: 22%
Magic:  3/3        EV: 11    Int:  5    God:    Ashenzari [......]
Gold:   154        SH:  0    Dex: 13    Spells: 0 memorised, 5 levels left

rFire  . . .     SeeInvis .     t - +0 broad axe
rCold  . . .     Clarity  .     o - +0 scale mail
rNeg   . . .     SustAb   .     (no shield)
rPois  .         Gourm    .     c - +0 hat
rElec  .         Spirit   .     s - +2 cloak {MR+} (curse)
rCorr  .         Warding  .     (no gloves)
rMut   .         Stasis   .     (no boots)
MR     +....                    (no amulet)
Stlth  ..........               (no ring)
                                (no ring)

@: somewhat resistant to hostile enchantments, extremely unstealthy
A: retaliatory headbutt, horns 2
a: Renounce Religion


You were on level 4 of the Dungeon.
You worshipped Ashenzari.
Ashenzari was noncommittal.
You were not hungry.

You visited 1 branch of the dungeon, and saw 4 of its levels.

You collected 154 gold pieces.

Inventory:

Hand weapons
 a - a +0 war axe
 t - a +0 broad axe (weapon)
Missiles
 d - 3 throwing nets (quivered)
Armour
 b - a +0 leather armour
 c - a +0 hat (worn)
 o - a +0 scale mail (worn)
 s - a cursed +2 cloak of magic resistance (worn)
Jewellery
 m - an uncursed ring of magical power
Scrolls
 e - a scroll of fear {unknown}
 h - a scroll of recharging {unknown}
 j - 3 scrolls of teleportation {unknown}
 k - 3 scrolls of identify {unknown}
 l - 3 scrolls of remove curse
 n - a scroll of immolation {unknown}
 w - 2 scrolls of curse weapon
Potions
 g - a potion of magic {unknown}
 i - a potion of degeneration {unknown}
 p - a potion of ambrosia {unknown}
 r - 2 potions of restore abilities {unknown}
Books
 v - a book of the Warp

   Spells                             Type                      Level
   a - Recall                         Summoning/Translocation      3
   b - Control Teleport               Charms/Translocation         4
   c - Force Lance                    Conjuration/Translocation    4
   d - Phase Shift                    Translocation                5
   e - Warp Weapon                    Charms/Translocation         5
   f - Gell's Gravitas                Hexes/Translocation          5
   g - Summon Forest                  Summoning/Translocation      5
Comestibles
 f - 3 bread rations
 q - a meat ration


   Skills:
 + Level 4.1 Fighting
 * Level 5.8 Axes
 + Level 3.0 Throwing
 + Level 2.6 Armour
 + Level 4.3 Dodging


You had 5 spell levels left.
You didn't know any spells.

Dungeon Overview and Level Annotations

Branches:
Dungeon (4/15)
 Temple: D:4-7

Altars:
Ashenzari
Dithmenos
Gozag
Kikubaaqudgha

Annotations:
D:2 Sigmund
D:3 Grinder


Innate Abilities, Weirdness & Mutations

You reflexively headbutt those who attack you in melee.
You have a pair of horns on your head.


Message History

* * * LOW HITPOINT WARNING * * *
The orc wizard hits you but does no damage.
You hit the orc wizard!
The orc wizard is almost dead.
You closely miss the orc wizard.
The orc wizard is moderately wounded.
The orc wizard hits you but does no damage.
The orc wizard gestures at you while chanting.
The puff of flame hits you!
* * * LOW HITPOINT WARNING * * *
You hit the orc wizard! Your headbutt misses the orc wizard.
The orc wizard is almost dead.
You hit the orc wizard.
You kill the orc wizard!
Your Throwing skill increases to level 3!
The orc wizard points at you and mumbles some strange words.
The magic dart hits you! The orc wizard casts a spell at you.
The puff of flame hits you!
You die...

##### #### ########...#
...# '......'...# ...+
##.###.#...####...# #.#
#.##......#+##[##.## ...
...+......'@).......
....###+#......#.o.......
#+### #......#....)...
#...)..#+#####'#
#........ . .....####
..#+#.# #..


You could see an orc wizard.

Vanquished Creatures
  A scorpion (D:4)
  Crazy Yiuf (D:2)
  3 orc priests
  2 orc wizards
  Ijyb (D:2)
  An adder (D:3)
  2 worms
  An ooze (D:3)
  5 orcs (D:3)
  5 bats
  4 bat zombies (D:2)
  4 hobgoblins
  2 quokkas (D:3)
  3 ball pythons
  4 giant cockroaches
  4 giant geckos (D:2)
  4 giant newts
  8 goblins
  11 kobolds
  7 rats
  A rat zombie (D:2)
74 creatures vanquished.

Notes
Turn   | Place    | Note
--------------------------------------------------------------
     0 | D:1      | Ladykiller69, the Minotaur Gladiator, began the quest for the Orb.
     0 | D:1      | Reached XP level 1. HP: 18/18 MP: 1/1
   239 | D:1      | Reached XP level 2. HP: 20/25 MP: 1/1
   312 | D:2      | Reached skill level 4 in Axes
   439 | D:2      | Found a shadowy altar of Dithmenos.
  1023 | D:2      | Noticed Sigmund
  1095 | D:2      | Reached skill level 1 in Armour
  1102 | D:2      | Reached XP level 3. HP: 10/30 MP: 2/2
  1148 | D:2      | Found an opulent altar of Gozag.
  1531 | D:2      | Found a shattered altar of Ashenzari.
  1549 | D:2      | Noticed Ijyb
  1571 | D:2      | Killed Ijyb
  1573 | D:2      | Found an ancient bone altar of Kikubaaqudgha.
  1608 | D:2      | Noticed Crazy Yiuf
  1617 | D:2      | Killed Crazy Yiuf
  1617 | D:2      | Reached XP level 4. HP: 18/38 MP: 2/2
  1979 | D:2      | Became a worshipper of Ashenzari the Shackled
  2044 | D:3      | Reached skill level 5 in Axes
  2044 | D:3      | Reached XP level 5. HP: 31/45 MP: 2/2
  2270 | D:3      | Noticed Grinder
  2494 | D:4      | Reached XP level 6. HP: 21/52 MP: 3/3
  2499 | D:4      | Killed from afar by an orc wizard

Action                   |  1- 3 |  4- 6 || total
-------------------------+-------+-------++-------
Melee: War axe           |    91 |     6 ||    97
       Broad axe         |       |    54 ||    54
  Use: Scroll            |       |     1 ||     1
  Eat: Chunk             |     2 |     3 ||     5
